 Dungeon Crawl Stone Soup version 0.28-a0-697-g47f3eba078 (webtiles) character file.

Game seed: 2507265279651346939

76 ytrimaz the Covered (level 4, -3/37 HPs)
             Began as a Formicid Fighter on Oct 23, 2021.
             Slain by a black bear (5 damage)
             ... on level 4 of the Dungeon.
             The game lasted 00:02:36 (2551 turns).

ytrimaz the Covered (Formicid Fighter)              Turns: 2551, Time: 00:02:37

Health: -3/37      AC:  9    Str: 21    XL:     4   Next: 57%
Magic:  4/4        EV:  7    Int:  8    God:
Gold:   144        SH:  4    Dex: 10    Spells: 3/3 levels left

rFire   . . .      SeeInvis +   a - +0 war axe
rCold   . . .      Faith    .   c - +0 buckler
rNeg    . . .      Spirit   .   o - +0 chain mail
rPois   .          Reflect  .   (helmet unavailable)
rElec   .          Harm     .   (no cloak)
rCorr   .          Rampage  .   (no gloves)
Will    .....                   (no boots)
Stlth   ..........              (no amulet)
HPRegen 0.12/turn               (no ring)
MPRegen 0.09/turn               (no ring)

@: mighty
A: permanent stasis, dig shafts and tunnels, antennae 3, four strong arms
a: Dig, Shaft Self


You were on level 4 of the Dungeon.
You visited 1 branch of the dungeon, and saw 4 of its levels.

You collected 144 gold pieces.

Inventory:

Hand Weapons
 a - a +0 war axe (weapon)
Armour
 c - a +0 buckler (worn)
 o - a +0 chain mail (worn)
Scrolls
 e - a scroll of fear {unknown}
 i - a scroll of teleportation {unknown}
 j - 2 scrolls of noise
 l - a scroll of blinking {unknown}
Potions
 d - a potion of might
 f - a potion of invisibility {unknown}
 g - a potion of attraction {unknown}
 h - a potion of magic {unknown}
 k - a potion of degeneration {unknown}
 m - a potion of heal wounds {unknown}
 n - a potion of curing {unknown}


   Skills:
 + Level 4.0 Fighting
 + Level 3.2 Axes
 + Level 4.1 Armour
 - Level 3.6 Shields


You had 3 spell levels left.
You didn't know any spells.
Your spell library contained the following spells:

 Spells                   Type           Power      Damage    Failure   Level
 Portal Projectile        Hex/Tloc       0%         N/A       100%        3
 Summon Guardian Golem    Hex/Summ       0%         N/A       100%        3
 Blade Hands              Tmut           0%         N/A       100%        5
 Excruciating Wounds      Necr           0%         N/A       100%        5
 Orb of Destruction       Conj           0%         N/A       100%        7
 Spellforged Servitor     Conj/Summ      0%         N/A       100%        7


Dungeon Overview and Level Annotations

Branches:
Dungeon (4/15)
 Temple: D:4-7

Altars:
Kikubaaqudgha

Shops:
D:2 *


Innate Abilities, Weirdness & Mutations

You cannot be hasted, slowed, berserked, paralysed or teleported.
You can dig through walls and to a lower floor.
You have a pair of large antennae on your head. (SInv)
Your four strong arms can wield two-handed weapons with a shield.


Message History

You climb downwards.
There is a stone staircase leading up here.
A black bear comes into view.
The black bear growls angrily.
A black bear is nearby!
A black bear is nearby!
An iguana comes into view.
Found an ancient bone altar of Kikubaaqudgha.
The iguana hisses angrily.
The iguana bites you but does no damage.
You feel very mighty all of a sudden.
The iguana bites you but does no damage.
The black bear bites you but does no damage.
The black bear claws you but does no damage. x2
You barely miss the black bear. You barely miss the iguana.
The iguana bites you but does no damage.
The black bear bites you. The black bear closely misses you.
You block the black bear's attack.
You slash the black bear!
The black bear is heavily wounded.
You barely miss the iguana. The iguana bites you!
The black bear bites you but does no damage.
The black bear claws you. x2; The iguana bites you.
Unknown command.
You slash the black bear!
The black bear is almost dead.
You closely miss the iguana.
The black bear bites you but does no damage.
The black bear claws you but does no damage.
You block the black bear's attack. The iguana bites you.
The black bear goes berserk!
You barely miss the black bear.
The black bear is almost dead.
You barely miss the iguana. The black bear bites you!
* * * LOW HITPOINT WARNING * * *
The black bear claws you but does no damage. x2
The iguana bites you.
* * * LOW HITPOINT WARNING * * *
The black bear bites you.
You die...

... P.
._..##.
....#..
.......
#...P.
##P..P.##


P.PP..hl# #@##### #....<# ####### You could see a black bear (berserk) and an
iguana.

Vanquished Creatures
  3 worms
  4 dart slugs
  3 orcs
  5 ball pythons
  4 bats
  An endoplasm (D:1)
  2 giant cockroaches
  3 goblins
  10 hobgoblins
  5 jackals
  2 quokkas (D:1)
  A frilled lizard (D:1)
  2 kobolds
  5 rats
50 creatures vanquished.

Notes
Turn   | Place    | Note
-------+----------+-------------------------------------------
     0 | D:1      | ytrimaz the Formicid Fighter began the quest for the Orb.
     0 | D:1      | Reached XP level 1. HP: 18/18 MP: 1/1
    43 | D:1      | Reached XP level 2. HP: 23/24 MP: 2/2
   221 | D:1      | Found a faded altar of an unknown god.
   345 | D:1      | Reached XP level 3. HP: 30/30 MP: 3/3
  1420 | D:2      | Found Iffi's Assorted Antiques.
  1445 | D:2      | Reached XP level 4. HP: 37/37 MP: 4/4
  2542 | D:4      | Noticed a black bear
  2543 | D:4      | Found an ancient bone altar of Kikubaaqudgha.
  2551 | D:4      | Slain by a black bear

Illustrated notes

Levels and vault maps discovered:
D:1:      lemuel_arrival_muddy, layout_basic,
          hellmonk_ecumenical_altar_slurped_away, minivault_14, st_stairs_12,
          chequers_decorated_corner, kennysheep_pointless_box
D:2:      layout_rooms, serial_shops, shop, wad_floor_pattern_1
D:3:      layout_basic
D:4:      layout_basic, kiku_gazebo_garden_becter, tgw_fedhas

Skill      XL: |  1  2  3  4 |
---------------+-------------+-----
Axes           | 3 |  3.2
Armour         | 4 |  4.1
Fighting       | 4 |  4.0
Shields        | |  3.6

Action                   |  1- 3 |  4- 6 || total
-------------------------+-------+-------++-------
Melee: War axe           |    92 |    50 ||   142
  Use: Scroll            |     2 |       ||     2
       Potion            |       |     1 ||     1
Armor: Scale mail        |    50 |    21 ||    71
       Chain mail        |       |    19 ||    19
Dodge: Dodged            |    61 |    10 ||    71
Block: Buckler           |    24 |    14 ||    38

Table legend: (Time is in decaauts)
 A = Elapsed time spent in this place.
 B = Non-inter-level travel time spent in this place.
 C = Inter-level travel time spent in this place.
 D = Time resting spent in this place.
 E = Time spent auto-exploring this place.
 F = Levels seen in this place.
 G = Mean time per level.
                   A        B        C        D        E       F      G
               +--------+--------+--------+--------+--------+-----+--------+
         Total |   2604 |   2513 |     91 |    235 |   1701 |   4 |  651.0 |
       Dungeon |   2604 |   2513 |     91 |    235 |   1701 |   4 |  651.0 |
               +--------+--------+--------+--------+--------+-----+--------+

Top non-repeatable levels by time:
     D:1: 974 daAuts
     D:3: 867 daAuts
     D:2: 750 daAuts
     D:4: 11 daAuts
